 Dungeon Crawl Stone Soup version 0.24.1 (webtiles) character file.

Game seed: 6701558197843017731, levelgen mode: deterministic

41 Descartes the Grasshopper (level 3, 0/16 HPs)
             Began as a Felid Warper on Mar 28, 2020.
             Slain by a bat (1 damage)
             ... on level 2 of the Dungeon.
             The game lasted 00:02:40 (1781 turns).

Descartes the Grasshopper (Felid Warper)            Turns: 1781, Time: 00:02:40

Health: 0/16       AC:  1    Str: 11    XL:     3   Next: 32%
Magic:  7/7        EV: 19    Int: 14    God:
Gold:   32         SH:  0    Dex: 15    Spells: 6/6 levels left
                                        Lives:  0   Deaths: 0

rFire    . . .     SeeInvis +     - Unarmed
rCold    . . .     Gourm    .   (shield unavailable)
rNeg     . . .     Faith    .   (armour unavailable)
rPois    .         Spirit   .   (helmet unavailable)
rElec    .         Reflect  .   (cloak unavailable)
rCorr    .         Harm     .   (gloves unavailable)
MR       .....                  (boots unavailable)
Stlth    +++.......             k - amulet of rage
HPRegen  0.05/turn              h - +3 ring of strength
MPRegen  0.10/turn              (no ring)

@: berserk cooldown, slowed, slow
A: very small, no armour, no weapons or thrown items, stealth, claws 1, fangs 3,
see invisible, carnivore, speed 1, shaggy fur 1, slow metabolism 1, sharp paws
a: Evoke Berserk Rage


You were on level 2 of the Dungeon.
You were very full.

You visited 1 branch of the dungeon, and saw 2 of its levels.

You collected 32 gold pieces.

Inventory:

Missiles
 f - 27 arrows
Jewellery
 h - a +3 ring of strength (left paw)
 k - an amulet of rage (around neck)
Scrolls
 b - 2 scrolls of blinking
 e - a scroll of identify {unknown}
 g - 2 scrolls of teleportation {unknown}
 i - a scroll of noise {unknown}
Potions
 a - a potion of degeneration {unknown}
 d - a potion of berserk rage {unknown}
 j - a potion of lignification {unknown}
Comestibles
 c - 2 rations
 l - 2 chunks of flesh


   Skills:
 - Level 2.0 Fighting
 + Level 3.7 Dodging
 * Level 2.6 Stealth
 * Level 2.8 Unarmed Combat
 - Level 2.0 Spellcasting
   Level 4.4 Translocations


You had 6 spell levels left.
You didn't know any spells.
Your spell library contained the following spells:

 Spells                   Type           Power        Failure   Level  Hunger
 Blink                    Tloc           N/A          6%          2    ###....
 Gell's Gravitas          Tloc           ##........   12%         3    ####...
 Lesser Beckoning         Tloc           ##........   12%         3    ####...
 Teleport Other           Tloc           ##......     12%         3    ####...
 Shroud of Golubria       Chrm/Tloc      #.....       14%         2    ###....
 Passage of Golubria      Tloc           N/A          36%         4    #####..


Dungeon Overview and Level Annotations

Branches:
Dungeon (2/15)

Altars:


Innate Abilities, Weirdness & Mutations

You cannot wear armour.
You are incapable of wielding weapons or throwing items.
Your paws allow you to move quietly. (Stealth)
You have sharp claws.
You have razor-sharp teeth.
You have supernaturally acute eyesight. (SInv)
You are carnivorous and can eat meat at any time.
You cover ground quickly.
You are covered in fur. (AC +1)
You have a slow metabolism.
Your sharp claws are effective at attacking unaware monsters.


Message History

You miss the adder.
The adder is heavily wounded.
The bat closely misses you. The adder misses you.
The adder completely misses you.
You miss the adder.
The adder is heavily wounded.
The bat misses you. The adder barely misses you. The adder misses you.
You scratch the adder but do no damage. Your claw misses the adder.
The adder is heavily wounded.
The bat misses you. The adder closely misses you. The adder barely misses you.
You scratch the adder. Your bite misses the adder.
The adder is heavily wounded.
The bat barely misses you. The adder closely misses you.
The bat hits you but does no damage. The adder misses you.
The bat closely misses you. The bat completely misses you.
The adder closely misses you. The bat misses you. The bat hits you.
You die...

# #. #.# ###### #.# #<.... ###
#.######### #.#### ..#
##.....S@.##########.#
#.###%###..b.........>...####
##..#.).........##########...#
#?....####.###.........##.###.
........## #.# ##.##........#
#. ##.#...## #.#
#.##.###.##.###. #...... .<#
#.##.# #.###...# .l...... ###
#.##.# #.# ##.## ....#.##.
#.##.# #.# #.##


You could see an adder and a bat.

Vanquished Creatures
  An adder (D:2)
  A dart slug (D:2)
  2 leopard geckos (D:1)
  3 goblins
  3 hobgoblins (D:1)
  5 jackals (D:2)
  5 bats (D:1)
  A frilled lizard (D:2)
  3 kobolds (D:1)
  2 rats
26 creatures vanquished.

Notes
Turn   | Place    | Note
-------+----------+-------------------------------------------
     0 | D:1      | Descartes the Felid Warper began the quest for the Orb.
     0 | D:1      | Reached XP level 1. HP: 9/9 MP: 4/4
   554 | D:1      | Reached skill level 1 in Stealth
   671 | D:1      | Reached XP level 2. HP: 11/13 MP: 6/6
  1352 | D:2      | Reached XP level 3. HP: 8/16 MP: 7/7
  1781 | D:2      | Slain by a bat

Levels and vault maps discovered:
D:1:      tarquinn_simple_flora_water_e, layout_basic
D:2:      layout_loops_ring, tso_altar, uniq_robin

Skill      XL: |  1  2 |
---------------+-------+-----
Stealth        | 1 2 |  2.6
Fighting       | |  2.0
Dodging        | |  3.7
Unarmed Combat | |  2.8
Spellcasting   | |  2.0
Translocations | |  4.4

Action                   || total
-------------------------++-------
Melee: Unarmed           ||    87
       Bite              ||     4
       Punch             ||     1
 Abil: Evoke Berserk Rag ||     2
 Stab: Sleeping          ||     4
  Eat: Chunk             ||    10
Armor: Skin              ||     8
Dodge: Dodged            ||    80
